 Seeded DCSS version 0.28-a0-697-g47f3eba078 (webtiles) character file.

Game seed: 20211024 (custom seed)

11 a11behringer the Cudgeller (level 2, 0/25 HPs)
             Began as a Palentonga Berserker on Oct 24, 2021.
             Was a Follower of Trog.
             Slain by a hobgoblin (3 damage)
             ... on level 1 of the Dungeon.
             The game lasted 00:01:24 (208 turns).

a11behringer the Cudgeller (Palentonga Berserker)    Turns: 208, Time: 00:01:25

Health: 0/25       AC:  4    Str: 20    XL:     2   Next: 13%
Magic:  2/2        EV:  9    Int:  7    God:    Trog [*.....]
Gold:   0          SH:  0    Dex:  9    Spells: 1/1 levels left

rFire   . . .      SeeInvis +   a - +0 mace
rCold   . . .      Faith    .   (no shield)
rNeg    . . .      Spirit   .   b - +0 animal skin
rPois   .          Reflect  .   (no helmet)
rElec   .          Harm     .   (no cloak)
rCorr   .          Rampage  .   (no gloves)
Will    .....                   (no barding)
Stlth   +.........              (no amulet)
HPRegen 0.08/turn               (no ring)
MPRegen 0.08/turn               (no ring)

@: no status effects
A: large, rugged brown scales 3, see invisible, deformed body, roll 1, armoured
tail
a: Rolling Charge, Renounce Religion, Berserk


You were on level 1 of the Dungeon.
You worshipped Trog.
Trog was aware of your devotion.
You visited 1 branch of the dungeon, and saw 1 of its levels.

Inventory:

Hand Weapons
 a - a +0 mace (weapon)
Armour
 b - a +0 animal skin (worn)


   Skills:
 + Level 3.2 Fighting
 * Level 3.3 Maces & Flails
 + Level 1.6 Armour
 + Level 1.6 Dodging


You had one spell level left.
You didn't know any spells.
Your spell library was empty.

Dungeon Overview and Level Annotations

Branches:
Dungeon (1/15)

Altars:


Innate Abilities, Weirdness & Mutations

You are completely covered in rugged brown scales. (AC +3, +7% HP)
You have supernaturally acute eyesight. (SInv)
Armour fits poorly on your strangely shaped body.
You can roll at nearby foes to attack.
You have a long armoured tail.


Message History

Your tail-slap misses the giant cockroach.
The hobgoblin hits you.
The giant cockroach bites you but does no damage.
The kobold barely misses you. The hobgoblin hits you.
You sock the giant cockroach!
You kill the giant cockroach!
Trog accepts your kill. The kobold hits you with a +0 dagger.
The hobgoblin hits you. The kobold hits you with a +0 dagger.
The hobgoblin hits you.
You closely miss the kobold. The kobold hits you but does no damage.
The hobgoblin hits you but does no damage.
You closely miss the kobold. The kobold barely misses you.
The hobgoblin hits you but does no damage.
The kobold closely misses you.
You closely miss the kobold. The hobgoblin hits you.
The kobold hits you but does no damage. The hobgoblin barely misses you.
You closely miss the kobold. You tail-slap the kobold.
The kobold is severely wounded.
The kobold hits you but does no damage. The hobgoblin hits you.
You barely miss the kobold.
The kobold is severely wounded.
The kobold hits you with a +0 dagger.
* * * LOW HITPOINT WARNING * * *
The hobgoblin barely misses you.
You completely miss the kobold.
Your tail-slap misses the kobold.
The kobold is severely wounded.
The kobold barely misses you. The hobgoblin hits you.
* * * LOW HITPOINT WARNING * * *
The kobold hits you but does no damage.
You hit the kobold but do no damage.
Your tail-slap misses the kobold.
The kobold is severely wounded.
A bat comes into view.
The hobgoblin misses you. The kobold hits you with a +0 dagger.
* * * LOW HITPOINT WARNING * * *
The bat moves out of view.
You sock the kobold!
You kill the kobold!
Trog accepts your kill. The hobgoblin hits you.
You die...

#.......#### ..#
..........###.##
####.##.#.##..
#. #...##.# #
##.#..#.#
........#.####
#..#.#.......#
#..........g..#
#.#.#.#...)@..#
..[..#........#
.#.#.#.......#
.......######
#..#.. ......
.#.#.: ..


You could see a hobgoblin.

Vanquished Creatures
  An endoplasm (D:1)
  A giant cockroach (D:1)
  2 goblins (D:1)
  3 jackals (D:1)
  A kobold (D:1)
  A ball python (D:1)
  A rat (D:1)
10 creatures vanquished.

Notes
Turn   | Place    | Note
-------+----------+-------------------------------------------
     0 | D:1      | a11behringer the Palentonga Berserker began the quest for
                  | the Orb.
     0 | D:1      | Reached XP level 1. HP: 19/19 MP: 1/1
   175 | D:1      | Reached XP level 2. HP: 25/25 MP: 2/2
   208 | D:1      | Slain by a hobgoblin

Illustrated notes

Levels and vault maps discovered:
D:1:      lightli_molten_gateway, layout_rooms, hangedman_decor_riveting

Action                   || total
-------------------------++-------
Melee: Mace              ||    29
       Tailslap          ||     4
 Abil: Rolling Charge    ||     4
Armor: Animal skin       ||    19
Dodge: Dodged            ||    32

Table legend: (Time is in decaauts)
 A = Elapsed time spent in this place.
 B = Non-inter-level travel time spent in this place.
 C = Inter-level travel time spent in this place.
 D = Time resting spent in this place.
 E = Time spent auto-exploring this place.
 F = Levels seen in this place.
 G = Mean time per level.
                   A        B        C        D        E       F      G
               +--------+--------+--------+--------+--------+-----+--------+
         Total |    215 |    200 |     15 |      0 |    143 |   1 |  215.0 |
       Dungeon |    215 |    200 |     15 |      0 |    143 |   1 |  215.0 |
               +--------+--------+--------+--------+--------+-----+--------+

Top non-repeatable levels by time:
     D:1: 215 daAuts
